 Dungeon Crawl Stone Soup version 0.30-a0-739-gea05faddec (webtiles) character file.

Game seed: 8385563033743222731

70 jimonade the Magician (level 4, -5/31 HPs)
             Began as a Djinni Hedge Wizard on Feb 5, 2023.
             Slain by Natasha (6 damage)
             ... on level 3 of the Dungeon.
             The game lasted 00:06:21 (1905 turns).

jimonade the Magician (Djinni Hedge Wizard)         Turns: 1905, Time: 00:06:21

Health: -5/31      AC:  2    Str: 11    XL:     4   Next: 45%
Gold:   74         EV: 12    Int: 16    God:
                   SH:  0    Dex: 12

rFire   + + .      SeeInvis .    a - +0 dagger (drain)
rCold   x . .      Faith    .    (no shield)
rNeg    + . .      Spirit   .    b - +0 robe
rPois   ∞          Reflect  .    c - +0 hat
rElec   .          Harm     .    (no cloak)
rCorr   .          Rampage  .    (no gloves)
Will    .....                    (boots unavailable)
Stlth   ++                       (no amulet)
HPRegen 0.25/turn                q - ring of positive energy
MPRegen 0.00/turn                (no ring)

@: flying, slowed, very slow
A: sickness immunity, fire resistance 2, cold vulnerability 1, float, innate
caster, HP casting, extra vitality 1
a: no special abilities


You were on level 3 of the Dungeon.
You visited 1 branch of the dungeon, and saw 3 of its levels.

You collected 74 gold pieces.

Inventory:

Hand Weapons
 a - a +0 dagger of draining (weapon)
 n - a +0 spear
 v - a +0 dagger
Armour
 b - a +0 robe (worn)
 c - a +0 hat (worn)
 m - a +0 ring mail
 s - a +0 leather armour
Magical Staves
 y - a staff of air
Jewellery
 q - a ring of positive energy (left hand)
Scrolls
 e - 2 scrolls of poison {unknown}
 f - a scroll of vulnerability {unknown}
 g - 5 scrolls of identify {unknown}
 h - a scroll of fog {unknown}
 l - 2 scrolls of amnesia {unknown}
 p - a scroll of blinking {unknown}
Potions
 d - a potion of magic
 i - a potion of lignification {unknown}
 j - a potion of berserk rage {unknown}
 k - a potion of brilliance {unknown}
 o - a potion of degeneration {unknown}
 r - a potion of heal wounds {unknown}
 t - a potion of ambrosia {unknown}
 u - 2 potions of cancellation {unknown}
 w - a potion of curing
 x - a potion of attraction {unknown}


   Skills:
 + Level 0.1 Fighting
 + Level 2.5 Dodging
 - Level 1.5 Stealth
 * Level 3.7 Spellcasting


You couldn't memorise any spells.
You knew the following spells:

 Your Spells              Type           Power      Damage    Failure   Level
a - Magic Dart            Conj           60%        1d6       3%          1
b - Slow                  Hex            60%        N/A       3%          1
c - Blink                 Tloc           30%        N/A       5%          2
d - Call Imp              Summ           15%        N/A       5%          2
e - Mephitic Cloud        Conj/Pois/Air  15%        N/A       11%         3
f - Sting                 Tmut/Pois      60%        1d6       3%          1
Your spell library was empty.

Dungeon Overview and Level Annotations

Branches:
Dungeon (3/15)

Altars:

Annotations:
D:2 Robin
D:3 1 runed translucent door, Crazy Yiuf, Natasha


Innate Abilities, Weirdness & Mutations

You are immune to sickness and miasma.
You are immune to poison.
Your flesh is very heat resistant. (rF++)
You are vulnerable to cold. (rC-)
You float through the air rather than walking.
You learn spells naturally, not from books.
Your magical power is your life essence.
You have superior vitality. (+4 MHP)


Message History

Natasha stares at you and mumbles some strange words.
You feel yourself slow down.
The magic dart hits Natasha.
Natasha is heavily wounded.
Natasha mumbles some strange words.
The magic dart hits Natasha.
Natasha is severely wounded.
The crimson imp sputters.
The magic dart hits Natasha.
Natasha is almost dead.
Natasha stares at you and mumbles some strange words.
The magic dart hits you.
The magic dart hits Natasha.
Natasha is almost dead.
Natasha drinks a potion.
Natasha is healed!
Natasha casts a spell at you. The magic dart hits you.
The magic dart hits the crimson imp.
The crimson imp is lightly wounded.
The crimson imp blinks!
The magic dart hits the crimson imp.
The crimson imp is moderately wounded.
Aiming: Magic Dart (safe; 3% risk of failure)
Press: ? - help, Q - select action, (/) - cycle Shift-Dir - straight line, f/p - crimson imp
Aim: a crimson imp (lightly wounded, summoned, 100% to hit)
The magic dart hits the crimson imp.
The crimson imp is moderately wounded.
Natasha mumbles some strange words.
The crimson imp hits you. Natasha claws you. The crimson imp barely misses you.
The crimson imp closely misses you.
Casting: Magic Dart (safe; 3% risk of failure)
Confirm with . or Enter, or press ? or * to list all spells.
A beastly little devil appears in a puff of flame.
Natasha claws you.
* * * LOW HITPOINT WARNING * * *
The crimson imp misses you. Natasha claws you.
* * * LOW HITPOINT WARNING * * *
The crimson imp closely misses you. Natasha attacks as you move away!
Natasha claws you.
You die...

.... ..# #..# #.#
.... #.#.### #..#
#.#.... # #..#
########.#####
##.#.##..#
#......#.###
.......5.#
#..........# #
#h########.##.#.#
#
#5@........##.#.#
#
#..#######.##.#..
#...5.#
#.##.#####
####..#
#.##...... ..)#
#.######## ##.##
#.# ### ###


You could see Natasha, 2 crimson imps and a friendly crimson imp (summoned).

Vanquished Creatures
  An adder (D:2)
  2 worms
  A dart slug (D:2)
  5 ball pythons
  7 endoplasms
  2 giant cockroaches
  7 goblins
  3 hobgoblins (D:2)
  3 quokkas
  4 bats (D:1)
  7 frilled lizards
  6 kobolds
  3 rats (D:1)
51 creatures vanquished.

Notes
Turn   | Place    | Note
-------+----------+-------------------------------------------
     0 | D:1      | jimonade the Djinni Hedge Wizard began the quest for the
                  | Orb.
     0 | D:1      | jimonade set off with the following spells memorised: Magic
                  | Dart, Slow, Blink, Call Imp, Mephitic Cloud.
     0 | D:1      | Reached XP level 1. HP: 15/15 MP: 0/0
   122 | D:1      | Reached XP level 2. HP: 20/21 MP: 0/0
   223 | D:1      | Reached skill level 3 in Spellcasting
   328 | D:1      | Reached XP level 3. HP: 23/25 MP: 0/0
   328 | D:1      | Learned a level 1 spell: Sting
  1133 | D:2      | Reached XP level 4. HP: 24/31 MP: 0/0
  1133 | D:2      | Identified the +0 helmet of the Heron {+Inv rF+ rN++ Will+}
  1133 | D:2      | Noticed Robin
  1663 | D:3      | Found a runed translucent door.
  1664 | D:3      | Noticed Crazy Yiuf
  1894 | D:3      | Noticed Natasha
  1904 | D:3      | HP: 1/31 [Natasha (4)]
  1905 | D:3      | Slain by Natasha

Illustrated notes

Levels and vault maps discovered:
D:1:      dpeg_arrival_long_road, layout_basic
D:2:      layout_loops_ring, basic_altar, uniq_robin
D:3:      layout_basic, nicolae_gozag_cash_rules_everything_around_me,
          amethyst_overflow_temple_binary, uniq_jessica,
          uniq_crazy_yiuf_cottage, uniq_natasha

Skill      XL: |  1  2 |
---------------+-------+-----
Spellcasting   | 3 |  3.7
Fighting       | |  0.1
Dodging        | |  2.5
Stealth        | |  1.5

Action                     |  1- 3 |  4- 6 || total
---------------------------+-------+-------++-------
   Cast: Magic Dart        |    89 |    43 ||   132
         Sting             |       |     6 ||     6
         Call Imp          |       |     1 ||     1
 Armour: Robe              |     3 |       ||     3
  Dodge: Dodged            |    15 |     5 ||    20

Table legend: (Time is in decaauts)
 A = Elapsed time spent in this place.
 B = Non-inter-level travel time spent in this place.
 C = Inter-level travel time spent in this place.
 D = Time resting spent in this place.
 E = Time spent auto-exploring this place.
 F = Levels seen in this place.
 G = Mean time per level.
                   A        B        C        D        E       F      G
               +--------+--------+--------+--------+--------+-----+--------+
         Total |   1908 |   1790 |    118 |      0 |   1398 |   3 |  636.0 |
       Dungeon |   1908 |   1790 |    118 |      0 |   1398 |   3 |  636.0 |
               +--------+--------+--------+--------+--------+-----+--------+

Top non-repeatable levels by time:
     D:2: 802 daAuts
     D:1: 756 daAuts
     D:3: 349 daAuts
